 Dungeon Crawl Stone Soup version 0.29.1-13-g9f3cf754e1 (webtiles) character file.

Game seed: 15215604910373909208

648 shadowmeld the Ducker (level 7, -2/50 HPs)
             Began as a Djinni Transmuter on Jan 30, 2023.
             Was an Initiate of Ashenzari.
             Slain by a mummy (15 damage)
             ... in an ossuary.
             The game lasted 00:23:21 (5914 turns).

shadowmeld the Ducker (Djinni Transmuter)           Turns: 5914, Time: 00:23:21

Health: -2/50      AC:  2    Str: 11    XL:     7   Next: 83%
Gold:   305        EV: 14    Int: 15    God:    Ashenzari [......] SH:  0 Dex: 13

rFire   + + .      SeeInvis .     - Unarmed
rCold   x . .      Faith    .   (no shield)
rNeg    . . .      Spirit   .   a - +0 robe
rPois   ∞          Reflect  .   (no helmet)
rElec   .          Harm     .   (no cloak)
rCorr   .          Rampage  .   (no gloves)
Will    .....                   (boots unavailable)
Stlth   +.........              (no amulet)
HPRegen 0.16/turn               (no ring)
MPRegen 0.00/turn               (no ring)

@: flying
A: sickness immunity, fire resistance 2, cold vulnerability 1, float, innate
caster, HP casting, extra vitality 1
a: Renounce Religion, Curse Item


You were in an ossuary.
You worshipped Ashenzari.
Ashenzari was noncommittal.
You visited 1 branch of the dungeon, and saw 5 of its levels.
You also visited: Ossuary.

You collected 305 gold pieces.

Inventory:

Missiles
 l - 16 poisoned darts
 o - 4 datura-tipped darts
Armour
 a - a +0 robe (worn)
Wands
 p - a wand of digging (2)
Scrolls
 d - a scroll of teleportation
 e - 2 scrolls of enchant weapon
 g - a scroll of fear
 j - a scroll of noise
 k - a scroll of immolation
 n - a scroll of enchant armour {unknown}
 q - 2 scrolls of silence {unknown}
 r - a scroll of vulnerability {unknown}
Potions
 c - 2 potions of berserk rage {unknown}
 f - 2 potions of heal wounds {unknown}
 h - a potion of cancellation {unknown}
 i - 2 potions of flight {unknown}
 m - 3 potions of degeneration {unknown}


   Skills:
 * Level 3.1 Fighting
 * Level 5.5 Dodging
 - Level 3.0 Unarmed Combat
 * Level 4.4 Spellcasting


You couldn't memorise any spells.
You knew the following spells:

 Your Spells              Type           Power      Damage    Failure   Level
a - Beastly Appendage     Tmut           32%        N/A       2%          1
b - Wereblood             Tmut           16%        N/A       4%          2
c - Spider Form           Tmut/Pois      16%        N/A       9%          3
d - Ice Form              Ice/Tmut       16%        N/A       26%         4
e - Sting                 Tmut/Pois      64%        1d6       2%          1
f - Static Discharge      Conj/Air       16%        3-5/arc   4%          2
g - Conjure Flame         Conj/Fire      16%        6-21      9%          3
Your spell library was empty.

Dungeon Overview and Level Annotations

Branches:
Dungeon (5/15)            Ossuary (1/1)
 Temple: D:4-7

Altars:
Ashenzari
Fedhas


Innate Abilities, Weirdness & Mutations

You are immune to sickness and miasma.
You are immune to poison.
Your flesh is very heat resistant. (rF++)
You are vulnerable to cold. (rC-)
You float through the air rather than walking.
You learn spells naturally, not from books.
Your magical power is your life essence.
You have superior vitality. (+4 MHP)


Message History

You completely miss the hornet zombie. Your headbutt misses the hornet zombie.
The hornet zombie is lightly damaged.
The hornet zombie hits you.
You feel better. The hornet zombie hits you!
* * * LOW HITPOINT WARNING * * *
The hornet zombie barely misses you.
You closely miss the hornet zombie.
The hornet zombie is lightly damaged.
You hit the mummy.
The mummy is heavily damaged.
You barely miss the mummy.
The mummy is heavily damaged.
You hit the mummy.
The mummy is severely damaged.
The mummy hits you.
* * * LOW HITPOINT WARNING * * *
You hit the mummy but do no damage. Your headbutt misses the mummy.
Your punch misses the mummy.
The mummy is severely damaged.
You barely miss the mummy.
You headbutt the mummy, but do no damage.
The mummy is severely damaged.
The mummy barely misses you.
You hit the mummy but do no damage.
The mummy is severely damaged.
You hit the mummy but do no damage.
The mummy is severely damaged.
Your horns disappear.
The mummy closely misses you.
You barely miss the mummy.
The mummy is severely damaged.
You closely miss the mummy.
The mummy is severely damaged.
The mummy closely misses you.
You hit the mummy.
The mummy is almost destroyed.
You hit the mummy but do no damage. Your punch misses the mummy.
The mummy is almost destroyed.
The mummy hits you!
You die...

##### #..∩#
#.∩.# #..@#
##M##
+...Z.Z..Z..
#'#'#+#+#+#+
# #. ##


You could see a mummy and a hornet zombie.

Vanquished Creatures
  Sigmund (D:4)
  A black bear (D:3)
  A scorpion (D:4)
  A bullfrog zombie (Ossuary)
  A hound (D:5)
  An orc priest (D:4)
  A gnoll bouda (D:4)
  An iguana (D:4)
  A mummy (Ossuary)
  4 adders
  3 gnolls (D:4)
  An ufetubus (D:5)
  A worm (D:3)
  A dart slug (D:4)
  6 orcs
  6 ball pythons
  2 bats
  5 endoplasms
  5 giant cockroaches
  9 goblins
  11 hobgoblins
  11 jackals
  4 kobolds
  7 quokkas
  5 frilled lizards (D:1)
  6 rats
96 creatures vanquished.

Vanquished Creatures (others)
  12 plants (D:4)
  A withered plant (Ossuary)
13 creatures vanquished.

Grand Total: 109 creatures vanquished

Notes
Turn   | Place    | Note
-------+----------+-------------------------------------------
     0 | D:1      | shadowmeld the Djinni Transmuter began the quest for the
                  | Orb.
     0 | D:1      | shadowmeld set off with the following spells memorised:
                  | Beastly Appendage, Wereblood, Spider Form, Ice Form.
     0 | D:1      | Reached XP level 1. HP: 17/17 MP: 0/0
   220 | D:1      | Reached XP level 2. HP: 15/22 MP: 0/0
   222 | D:1      | Found a faded altar of an unknown god.
   904 | D:1      | Reached XP level 3. HP: 25/27 MP: 0/0
   904 | D:1      | Learned a level 1 spell: Sting
  1520 | D:2      | Reached skill level 3 in Dodging
  1614 | D:2      | Found a broken altar of Ashenzari.
  1630 | D:2      | Became a worshipper of Ashenzari the Shackled
  1726 | D:2      | Reached XP level 4. HP: 24/33 MP: 0/0
  3212 | D:4      | Reached XP level 5. HP: 17/38 MP: 0/0
  3212 | D:4      | Learned a level 2 spell: Static Discharge
  3272 | D:4      | Noticed a black bear
  3285 | D:3      | Killed a black bear
  3286 | D:3      | Reached skill level 4 in Dodging
  3286 | D:3      | Reached XP level 6. HP: 22/43 MP: 0/0
  3579 | D:4      | Found a blossoming altar of Fedhas.
  4860 | D:4      | Reached XP level 7. HP: 47/49 MP: 0/0
  4860 | D:4      | Learned a level 3 spell: Conjure Flame
  5317 | D:4      | Noticed Sigmund
  5343 | D:4      | Killed Sigmund
  5344 | D:4      | Reached skill level 5 in Dodging
  5595 | D:5      | Entered Level 5 of the Dungeon
  5870 | D:5      | Found a sand-covered staircase.
  5878 | Ossuary  | Entered an ossuary
  5914 | Ossuary  | Slain by a mummy

Illustrated notes

Levels and vault maps discovered:
D:1:      heliophobic_arrival_glass_houses, layout_basic,
          dreamdust_ecumenical_altar_statues
D:2:      layout_basic, basic_altar
D:3:      layout_rooms
D:4:      layout_basic, fedhas_altar_1, serial_bayou, serial_bayou_pond_b,
          serial_bayou_pond_a, serial_bayou_crossing, serial_bayou_ford_a,
          uniq_sigmund
D:5:      layout_loops_ring, minmay_temple_entry_hall,
          chequers_ossuary_entry_cave, serial_shops, nicolae_shop_hallway_plus,
          shop, shop, nicolae_shop_stone, serial_glass, glass_columns_b,
          glass_columns_a, uniq_edmund
Ossuary:  ossuary_zaba_flooded

Skill      XL: |  1  2  3  4  5  6  7 |
---------------+----------------------+-----
Spellcasting   | 2 3 4 |  4.4
Dodging        | 3 4 5 |  5.5
Fighting       | 2 3 |  3.1
Unarmed Combat | |  3.0

Action                   |  1- 3 |  4- 6 |  7- 9 || total
-------------------------+-------+-------+-------++-------
Melee: Unarmed           |   116 |   191 |    72 ||   379
       Headbutt          |    11 |    30 |     8 ||    49
       Punch             |     2 |     5 |     3 ||    10
 Cast: Beastly Appendage |    23 |    29 |     5 ||    57
       Sting             |       |     7 |     3 ||    10
       Static Discharge  |       |       |     2 ||     2
  Use: Scroll            |     3 |     1 |     1 ||     5
       Potion            |       |     7 |     1 ||     8
 Stab: Sleeping          |     1 |       |       ||     1
Armor: Robe              |    10 |    20 |    10 ||    40
       Skin              |       |    56 |       ||    56
Dodge: Dodged            |    71 |   130 |    47 ||   248
